 Dungeon Crawl Stone Soup version 0.29.0-7-g18a832c13a (webtiles) character file.

Game seed: 8913977903161099668

56 Zeldest the Chopper (level 3, -2/33 HPs)
             Began as a Hill Orc Monk on Aug 31, 2022.
             Was a Priest of Vehumet.
             Killed from afar by an orc wizard (9 damage)
             ... with a puff of flame
             ... on level 2 of the Dungeon.
             The game lasted 00:01:57 (1122 turns).

Zeldest the Chopper (Hill Orc Monk)                 Turns: 1122, Time: 00:01:57

Health: -2/33      AC:  2    Str: 13    XL:     3   Next: 97%
Magic:  3/4        EV: 12    Int: 12    God:    Vehumet [***...]
Gold:   25         SH:  0    Dex: 13    Spells: 2/3 levels left

rFire   . . .      SeeInvis .   a - +0 hand axe
rCold   . . .      Faith    .   (no shield)
rNeg    . . .      Spirit   .   b - +0 robe
rPois   .          Reflect  .   (no helmet)
rElec   .          Harm     .   (no cloak)
rCorr   .          Rampage  .   (no gloves)
Will    .....                   (no boots)
Stlth   ++........              (no amulet)
HPRegen 0.11/turn               (no ring)
MPRegen 0.09/turn               (no ring)

@: no status effects
A: no striking features
a: Renounce Religion


You were on level 2 of the Dungeon.
You worshipped Vehumet.
Vehumet was most pleased with you.
You visited 1 branch of the dungeon, and saw 2 of its levels.

You collected 25 gold pieces.

Inventory:

Hand Weapons
 a - a +0 hand axe (weapon)
Armour
 b - a +0 robe (worn)
Jewellery
 g - a ring of willpower
Scrolls
 h - 2 scrolls of identify {unknown}
 i - a scroll of amnesia {unknown}
 j - a scroll of silence {unknown}
Potions
 c - a potion of ambrosia
 d - a potion of curing {unknown}
 e - a potion of resistance {unknown}
 f - a potion of brilliance {unknown}
 k - 2 potions of invisibility {unknown}
 l - a potion of heal wounds {unknown}
 m - a potion of attraction {unknown}


   Skills:
 - Level 4.1 Fighting
 - Level 5.0 Axes
 - Level 2.4 Dodging
 - Level 1.5 Stealth
 + Level 0.6 Spellcasting
 * Level 1.8 Fire Magic


You had 2 spell levels left.
You knew the following spells:

 Your Spells              Type           Power      Damage    Failure   Level
a - Foxfire               Conj/Fire      8%         2x1d4     6%          1

Your spell library contained the following spells:

 Spells                   Type           Power      Damage    Failure   Level
 Stone Arrow              Conj/Erth      0%         3d7       24%         3


Dungeon Overview and Level Annotations

Branches:
Dungeon (2/15)

Altars:
Vehumet


Message History

Vehumet accepts your kill.
You feel your power returning. The orc closely misses you.
You barely miss the orc.
The orc is severely wounded.
You hit the giant cockroach. The orc barely misses you.
The orc wizard casts a spell.
The orc wizard flickers and vanishes!
Deactivating autopickup; reactivate with Ctrl-A.
The giant cockroach barely misses you.
You hit the giant cockroach.
You kill the giant cockroach!
Vehumet accepts your kill.
You feel your power returning.
You hit the orc.
You kill the orc!
Vehumet accepts your kill.
Things that are here:
a +0 whip; 4 stones; 16 gold pieces
Casting: Foxfire (safe; 6% risk of failure)
Confirm with . or Enter, or press ? or * to list all spells.
You conjure some foxfire!
The orc hits you with a +0 hand axe. The orc barely misses your foxfire.
Something hits you.
You closely miss the orc. You miss something.
The foxfire hits something but does no damage. x2
The orc barely misses you.
A rat comes into view.
You hear some strange, mumbled words.
A magic dart appears from out of thin air!
The magic dart hits you.
You hit the orc but do no damage. You barely miss something.
The orc hits you with a +0 hand axe. Something hits you.
You closely miss something. You hit the orc but do no damage.
The orc misses you. Something hits you.
You miss something. You closely miss the orc. The orc barely misses you.
Something hits you.
* * * LOW HITPOINT WARNING * * *
The orc completely misses you.
You hear some strange, mumbled words.
A puff of flame appears from out of thin air!
The puff of flame hits you!
You die...

..... #.##.
.....####.... ..
.............######.
...........##.......
....................
...................#
......o.###........#
...r..{@....#...##.#
....###).)......##.# .
# ######.#.....# #.
#.......#.##### #.#
###.###..........
#..###................
#......####.....(.....
#.....##..##..........
###........#)#.#..####


You could see an orc and a rat.

Vanquished Creatures
  2 adders (D:2)
  3 orcs (D:2)
  2 ball pythons (D:1)
  2 bats
  4 endoplasms (D:1)
  3 giant cockroaches
  3 goblins (D:1)
  A hobgoblin (D:2)
  4 jackals (D:1)
  3 frilled lizards
  2 kobolds (D:2)
  4 rats
33 creatures vanquished.

Vanquished Creatures (others)
  18 foxfires (D:2)
18 creatures vanquished.

Grand Total: 51 creatures vanquished

Notes
Turn   | Place    | Note
-------+----------+-------------------------------------------
     0 | D:1      | Zeldest the Hill Orc Monk began the quest for the Orb.
     0 | D:1      | Reached XP level 1. HP: 19/19 MP: 1/1
    44 | D:1      | Reached XP level 2. HP: 6/27 MP: 2/2
   604 | D:1      | Found a faded altar of an unknown god.
   624 | D:1      | Reached skill level 5 in Axes
   635 | D:1      | Prayed at the altar of an unknown god.
   635 | D:1      | Became a worshipper of Vehumet
   635 | D:1      | Reached * piety under Vehumet
   635 | D:1      | Offered knowledge of Foxfire by Vehumet.
   635 | D:1      | Reached ** piety under Vehumet
   658 | D:1      | Learned a level 1 spell: Foxfire
   664 | D:1      | Offered knowledge of Magic Dart by Vehumet.
   665 | D:1      | Reached XP level 3. HP: 26/33 MP: 3/3
   752 | D:2      | Reached skill level 1 in Fire Magic
   770 | D:2      | Reached *** piety under Vehumet
  1110 | D:2      | Offered knowledge of Stone Arrow by Vehumet.
  1122 | D:2      | Killed from afar by an orc wizard

Illustrated notes

Levels and vault maps discovered:
D:1:      dpeg_arrival_solitude, layout_basic, ebering_ecumenical_altar_box
D:2:      layout_rooms, minmay_close_crescents

Skill      XL: |  1  2  3 |
---------------+----------+-----
Fighting       | 4 |  4.1
Axes           | 5 |  5.0
Fire Magic     | 1 |  1.8
Dodging        | |  2.4
Stealth        | |  1.5
Spellcasting   | |  0.6

Action                   || total
-------------------------++-------
Melee: Hand axe          ||    72
 Cast: Foxfire           ||    10
 Stab: Sleeping          ||     1
Armor: Robe              ||    10
       Ring mail         ||    13
Dodge: Dodged            ||    68
